 Dungeon Crawl Stone Soup version 0.31.0-11-ge490571c62 (webtiles) character file.

Game seed: 3983401893390813005

91 Gadfly the Trooper (level 4, 25/35 HPs)
             Began as a Demonspawn Monk on Jan 31, 2024.
             Quit the game on level 2 of the Dungeon.
             The game lasted 00:02:34 (1650 turns).

Gadfly the Trooper (Demonspawn Monk)                Turns: 1650, Time: 00:02:34

Health: 25/35      AC:  2    Str: 14    XL:     4   Next: 33%
Magic:  4/4        EV: 13    Int: 10    God:
Gold:   122        SH:  0    Dex: 15    Spells: 3/3 levels left

rFire   . .          .
                       - Unarmed
rCold   . . .        c - orb {light}
rNeg    . . .        a - +0 robe
rPois   .            (no helmet)
rElec   .            (no cloak)
rCorr   +            (no gloves)
SInv    .            (no boots)
Will    .....        g - amulet of regeneration
Stlth   +            h - ring of resist corrosion
HPRegen 1.05/turn    (no ring)
MPRegen 0.18/turn

%: no passive effects
@: glowing
A: foul stench 2, magic regeneration
a: no special abilities


You were on level 2 of the Dungeon.
You visited 1 branch of the dungeon, and saw 2 of its levels.

You collected 122 gold pieces.

Inventory:

Hand Weapons
 f - a +4 heavy dagger
Armour
 a - a +0 robe (worn)
 c - an orb of light (worn)
Jewellery
 g - an amulet of regeneration (around neck)
 h - a ring of resist corrosion (left hand)
Talismans
 m - a maw talisman
Scrolls
 e - a scroll of identify
 k - a scroll of teleportation
 l - a scroll of enchant weapon
Potions
 b - a potion of ambrosia
 d - 2 potions of curing
 n - a potion of lignification


   Skills:
 - Level 3.2 Fighting
 + Level 2.9 Dodging
 * Level 3.2 Unarmed Combat
 * Level 2.0 Evocations
 * Level 1.4 Shapeshifting


You had 3 spell levels left.
You didn't know any spells.
Your spell library contained the following spells:

 Spells                   Type           Power      Damage    Failure   Level
 Apportation              Tloc           0%         N/A       36%         1
 Necrotise                Necr           0%         1d4       36%         1
 Sting                    Conj/Alch      0%         1d3       36%         1
 Summon Small Mammal      Summ           0%         N/A       36%         1
 Mercury Vapours          Alch/Air       0%         N/A       50%         2
 Mephitic Cloud           Conj/Alch/Air  0%         N/A       75%         3
 Freezing Cloud           Conj/Ice/Air   0%         6-21      100%        5


Dungeon Overview and Level Annotations

Branches:
Dungeon (2/15)

Altars:


Innate Abilities, Weirdness & Mutations

You sometimes emit foul miasma when damaged in melee.
You regenerate magic rapidly.


Message History

The fungus is lightly damaged.
A nearby fungus withers and dies.
Found a hammer.
Found a runed translucent door.
Crazy Yiuf shouts!
Okay, then.
You open the door. You hit Crazy Yiuf but do no damage.
Crazy Yiuf hits you with a +3 quarterstaff of chaos.
You are electrocuted!
You hit Crazy Yiuf but do no damage. Crazy Yiuf barely misses you.
You hit Crazy Yiuf.
Crazy Yiuf is lightly wounded.
Crazy Yiuf whimpers, "Rifle fast leg!"
Crazy Yiuf barely misses you.
You barely miss Crazy Yiuf.
Crazy Yiuf is lightly wounded.
Crazy Yiuf misses you.
You hit Crazy Yiuf.
Crazy Yiuf is moderately wounded.
Crazy Yiuf hits you with a +3 quarterstaff of chaos!
* * * LOW HITPOINT WARNING * * *
You feel much better.
Crazy Yiuf hits you with a +3 quarterstaff of chaos.
You hit Crazy Yiuf.
Crazy Yiuf is severely wounded.
Crazy Yiuf hits you with a +3 quarterstaff of chaos!
You hit Crazy Yiuf.
Crazy Yiuf is almost dead.
Crazy Yiuf closely misses you.
You hit Crazy Yiuf.
You kill Crazy Yiuf!
Your Evocations skill increases to level 2!
You have reached level 4!
You feel stronger.
Your demonic ancestry asserts itself...
Your foul stench grows more powerful.
Unknown command.
There is an open translucent door, spattered with blood here.
Things that are here:
a +3 quarterstaff of chaos; a +0 cloak Are you sure you want to abandon this character and quit the game? (Confirm with "yes".)

...........#
##..##
#...........
....####...#
#P.#.#
#...........
....# #...#
##PP.#
#..>.####...
....# #...#
##.## #....#
#... ....#
#...# ##.#
#....#######
....# #...#
#.##
#.##.##.#
....# #..##
##.#
#.#.....#
....# #..#
#.##
#.#####.#
##### #..#
#@# #.# #.#
########..#
#...# #.#
#.#
..........#
#...#
#.#####.##
#########.#
#)..#
#........#
..........#
#####
##########
.########.#
.# #.# ###
.# ### #.#
.# #.#


There were no monsters in sight!

Vanquished Creatures
  Crazy Yiuf (D:2)
  An adder (D:2)
  A dart slug (D:2)
  7 bats
  4 endoplasms
  A giant cockroach (D:1)
  7 hobgoblins
  8 jackals (D:2)
  A quokka (D:2)
  4 ball pythons
  2 frilled lizards
  3 goblins
  2 kobolds
  4 rats
46 creatures vanquished.

Notes
Turn   | Place    | Note
-------+----------+-------------------------------------------
     0 | D:1      | Gadfly the Demonspawn Monk began the quest for the Orb.
     0 | D:1      | Reached XP level 1. HP: 18/18 MP: 1/1
   264 | D:1      | Gained mutation: You may rarely emit foul miasma when
                  | damaged in melee. [demonic ancestry]
   264 | D:1      | Reached XP level 2. HP: 18/24 MP: 2/2
   566 | D:1      | Reached skill level 1 in Evocations
   696 | D:2      | Gained mutation: You regenerate magic rapidly. [demonic
                  | ancestry]
   696 | D:2      | Reached XP level 3. HP: 21/29 MP: 3/3
   811 | D:2      | Reached skill level 1 in Shapeshifting
  1635 | D:2      | Found a runed translucent door.
  1636 | D:2      | Noticed Crazy Yiuf
  1648 | D:2      | Killed Crazy Yiuf
  1649 | D:2      | Gained mutation: You sometimes emit foul miasma when
                  | damaged in melee. [demonic ancestry]
  1649 | D:2      | Reached XP level 4. HP: 24/35 MP: 4/4
  1650 | D:2      | Quit the game

Illustrated notes

Levels and vault maps discovered:
D:1:      dpeg_arrival_rooms_b, layout_loops_ring
D:2:      layout_basic, minmay_misc_feat_square, uniq_crazy_yiuf_cottage

Skill      XL: |  1  2  3 |
---------------+----------+-----
Evocations     | 1 2 |  2.0
Unarmed Combat | 3 |  3.2
Shapeshifting  | 1 |  1.4
Fighting       | |  3.2
Dodging        | |  2.9

Action                     |  1- 3 |  4- 6 || total
---------------------------+-------+-------++-------
  Melee: Unarmed           |   150 |       ||   150
    Use: Scroll            |     7 |       ||     7
         Potion            |     1 |       ||     1
 Armour: Robe              |    80 |       ||    80
  Dodge: Dodged            |   130 |       ||   130
